 Dungeon Sprint DCSS version 0.29-a0-834-g1e95ca9f62 (webtiles) character file.

Game seed: 12588210710873516145

152 wilfster70 the Spear-Bearer (level 5, -1/45 HPs)
             Began as a Merfolk Fighter on July 12, 2022.
             Was an Initiate of Gozag.
             Slain by a two-headed ogre
             ... wielding a +0 giant club
              (19 damage)
             ... in the Dungeon (Sprint IX: "|||||||||||||||||||||||||||||").
             The game lasted 00:01:22 (249 turns).

wilfster70 the Spear-Bearer (Merfolk Fighter)        Turns: 249, Time: 00:01:23

Health: -1/45      AC: 12    Str: 21    XL:     5   Next: 34%
Magic:  5/5        EV:  9    Int: 11    God:    Gozag
Gold:   0          SH:  5    Dex: 13    Spells: 4/4 levels left

rFire   . . .      SeeInvis .   a - +0 trident
rCold   . . .      Faith    .   c - +0 buckler
rNeg    . . .      Spirit   .   o - +1 chain mail
rPois   .          Reflect  .   (no helmet)
rElec   .          Harm     .   m - +0 cloak
rCorr   .          Rampage  .   n - +0 pair of gloves
Will    .....      NoTele   +   (no boots)
Stlth   ..........              (no amulet)
HPRegen 0.15/turn               b - +3 ring of intelligence
MPRegen 0.09/turn               p - +3 ring of strength

@: mighty
A: (nimble swimmer 2), mertail
a: Renounce Religion, Potion Petition, Call Merchant, Bribe Branch


You were in the Dungeon.
You worshipped Gozag.
Gozag was noncommittal.
You visited 1 branch

Inventory:

Hand Weapons
 a - a +0 trident (weapon)
Armour
 c - a +0 buckler (worn)
 m - a +0 cloak (worn)
 n - a +0 pair of gloves (worn)
 o - a +1 chain mail (worn)
Jewellery
 b - a +3 ring of intelligence (left hand)
 p - a +3 ring of strength (right hand)
Wands
 l - a wand of iceblast (10)
Scrolls
 j - 2 scrolls of blinking
 k - 2 scrolls of amnesia
Potions
 e - 5 potions of curing
 f - 3 potions of heal wounds
 g - a potion of haste
 h - 4 potions of magic
 i - a potion of invisibility


   Skills:
 + Level 5.6 Fighting
 * Level 8.3 Polearms
 + Level 3.8 Armour
 + Level 5.3 Dodging
 + Level 5.1 Shields


You had 4 spell levels left.
You didn't know any spells.
Your spell library was empty.

Dungeon Overview and Level Annotations

Branches:
Dungeon (1/1)

Altars:
Cheibriados
Dithmenos
Elyvilon
Fedhas
Gozag
Hepliaklqana
Kikubaaqudgha
Makhleb
Nemelex Xobeh
Okawaru
Qazlal
Ru
Sif Muna
Trog
Uskayaw
Vehumet
Wu Jian
Xom
Yredelemnul
Zin
The Shining One
Jiyva
Lugonu


Innate Abilities, Weirdness & Mutations

((You are very nimble when in or above water. (Stealth+, EV+, Speed+++)))
Your lower body shifts to a powerful aquatic tail in water.


Message History

You drop a +0 scale mail.
b - a +3 ring of intelligence
p - a +3 ring of strength You feel clever.
b - a +3 ring of intelligence (left hand)
You feel stronger.
p - a +3 ring of strength (right hand)
You open the door.
A two-headed ogre, a killer bee, 2 trolls and 2 howler monkeys come into view.
The two-headed ogre shouts in stereo!
The troll shouts!
The killer bee buzzes angrily.
The troll shouts!
The howler monkey howls!
You puncture the two-headed ogre!
The two-headed ogre is lightly wounded.
The two-headed ogre hits you with a +0 giant club.
You block the two-headed ogre's attack.
You barely miss the two-headed ogre.
The two-headed ogre is lightly wounded.
You barely miss the two-headed ogre.
The two-headed ogre is lightly wounded.
The howler monkey hoots and howls with incredible vigour!
You block the two-headed ogre's attack.
The two-headed ogre hits you with a +0 dire flail!
The howler monkey hoots and howls with incredible vigour!
You hear a shout!
You feel very mighty all of a sudden. The two-headed ogre barely misses you.
You block the two-headed ogre's attack.
You hit the two-headed ogre.
The two-headed ogre is moderately wounded.
You barely miss the two-headed ogre.
The two-headed ogre is moderately wounded.
The two-headed ogre misses you.
The two-headed ogre hits you with a +0 dire flail!
You puncture the two-headed ogre!
The two-headed ogre is moderately wounded.
You puncture the two-headed ogre!
The two-headed ogre is heavily wounded.
The two-headed ogre hits you with a +0 giant club.
The two-headed ogre hits you with a +0 dire flail!!
You die...
Your body crumbles into a pile of gold. $$$$$$ $$$$$ $ $ $ $$$$$ $ ▓▓▓▓▓▓▓▓▓▓▓▓▓▓▓▓▓▓▓▓▓▓▓▓ _______'..)...[.@OTyThh. ▓▓▓▓▓▓▓▓▓▓▓▓▓▓▓▓▓▓▓▓▓▓▓▓

You could see a two-headed ogre, 2 trolls, 2 howler monkeys and a killer bee.

Vanquished Creatures
  An ogre (D)
  A jelly (D)
  An orc wizard (D)
  An ufetubus (D)
  A dart slug (D)
  An orc (D)
  A bat (D)
  A goblin (D)
  A hobgoblin (D)
  A rat (D)
10 creatures vanquished.

Notes
Turn   | Place    | Note
-------+----------+-------------------------------------------
     0 | D        | wilfster70 the Merfolk Fighter began the quest for the Orb.
     0 | D        | Reached XP level 1. HP: 18/18 MP: 1/1
     5 | D        | Reached skill level 3 in Polearms
     5 | D        | Reached skill level 1 in Dodging
    19 | D        | Reached skill level 4 in Polearms
    19 | D        | Reached XP level 2. HP: 22/25 MP: 2/2
    51 | D        | Noticed an ogre
    62 | D        | Reached skill level 5 in Polearms
    62 | D        | Reached XP level 3. HP: 30/30 MP: 3/3
    69 | D        | Killed an ogre
    70 | D        | Reached skill level 5 in Fighting
    70 | D        | Reached skill level 7 in Polearms
    70 | D        | Reached XP level 4. HP: 39/39 MP: 4/4
    70 | D        | Reached XP level 5. HP: 44/44 MP: 5/5
    74 | D        | Reached skill level 8 in Polearms
    74 | D        | Reached skill level 5 in Dodging
    74 | D        | Reached skill level 5 in Shields
   170 | D        | Found a snail-covered altar of Cheibriados.
   170 | D        | Found a shadowy altar of Dithmenos.
   170 | D        | Found a white marble altar of Elyvilon.
   170 | D        | Found a blossoming altar of Fedhas.
   170 | D        | Found an opulent altar of Gozag.
   171 | D        | Found a hazy altar of Hepliaklqana.
   172 | D        | Found a viscous altar of Jiyva.
   173 | D        | Found an ancient bone altar of Kikubaaqudgha.
   174 | D        | Found a corrupted altar of Lugonu.
   175 | D        | Found a burning altar of Makhleb.
   176 | D        | Found a sparkling altar of Nemelex Xobeh.
   177 | D        | Found an iron altar of Okawaru.
   178 | D        | Became a worshipper of Gozag Ym Sagoz the Greedy
   179 | D        | Found a stormy altar of Qazlal.
   180 | D        | Found a sacrificial altar of Ru.
   181 | D        | Found a shimmering blue altar of Sif Muna.
   182 | D        | Found a bloodstained altar of Trog.
   183 | D        | Found a hide-covered altar of Uskayaw.
   184 | D        | Found a radiant altar of Vehumet.
   185 | D        | Found an ornate altar of the Wu Jian Council.
   186 | D        | Found a shimmering altar of Xom.
   187 | D        | Found a basalt altar of Yredelemnul.
   188 | D        | Found a glowing silver altar of Zin.
   189 | D        | Found a glowing golden altar of the Shining One.
   241 | D        | Noticed a two-headed ogre
   241 | D        | Noticed a troll
   241 | D        | Noticed a troll
   249 | D        | Slain by a two-headed ogre

Illustrated notes

Levels and vault maps discovered:
D:        linesprint [early_d, line_temple, items_1, d_10, items_2, lair_1,
          lair_end, items_3, orc_1, orc_end, items_4, d_15, swamp_1, shoals_1,
          snake_1, spider_1, d_20, vaults_1, items_5, swamp_end, shoals_end,
          snake_end, spider_end, vaults_end, d_27, items_6, zot_1, zot_end,
          crypt_end, forest_end, elf_end, slime_end, tomb_end, abyss_end,
          pan_hell_end]

Skill      XL: |  1  2  3  4  5 |
---------------+----------------+-----
Polearms       | 4 5 7 8 |  8.3
Dodging        | 1 3 4 5 |  5.3
Fighting       | 4 5 |  5.6
Armour         | 3 |  3.8
Shields        | 4 5 |  5.1

Action                   |  1- 3 |  4- 6 || total
-------------------------+-------+-------++-------
Melee: Trident           |    27 |    11 ||    38
  Use: Potion            |     1 |     1 ||     2
Armor: Scale mail        |     9 |     1 ||    10
Dodge: Dodged            |     6 |     4 ||    10
Block: Buckler           |     4 |     3 ||     7

Table legend: (Time is in decaauts)
 A = Elapsed time spent in this place.
 B = Non-inter-level travel time spent in this place.
 C = Inter-level travel time spent in this place.
 D = Time resting spent in this place.
 E = Time spent auto-exploring this place.
 F = Levels seen in this place.
 G = Mean time per level.
                   A        B        C        D        E       F      G
               +--------+--------+--------+--------+--------+-----+--------+
         Total |    257 |    257 |      0 |    131 |      0 |   1 |  257.0 |
       Dungeon |    257 |    257 |      0 |    131 |      0 |   1 |  257.0 |
               +--------+--------+--------+--------+--------+-----+--------+

Top non-repeatable levels by time:
       D: 257 daAuts
